 Dungeon Crawl Stone Soup version 0.28-a0-1002-gf00fe891ef (webtiles) character file.

Game seed: 17907075778722296821

67 Umoon the Ducker (level 3, -7/28 HPs)
             Began as a Demonspawn Gladiator on Dec 6, 2021.
             Mangled by a wyvern skeleton (14 damage)
             ... on level 3 of the Dungeon.
             The game lasted 00:01:51 (2200 turns).

Umoon the Ducker (Demonspawn Gladiator)             Turns: 2200, Time: 00:01:52

Health: -7/28      AC:  4    Str: 16    XL:     3   Next: 98%
Magic:  3/3        EV: 12    Int:  9    God:
Gold:   87         SH:  0    Dex: 14    Spells: 2/2 levels left

rFire   . . .      SeeInvis .   a - +0 rapier
rCold   . . .      Faith    .   (no shield)
rNeg    . . .      Spirit   .   b - +0 leather armour
rPois   .          Reflect  .   c - +0 helmet
rElec   .          Harm     .   (no cloak)
rCorr   .          Rampage  .   (no gloves)
Will    .....                   (no boots)
Stlth   +.........              (no amulet)
HPRegen 0.09/turn               (no ring)
MPRegen 0.08/turn               (no ring)

@: no status effects
A: hooves 1
a: no special abilities


You were on level 3 of the Dungeon.
You visited 1 branch of the dungeon, and saw 3 of its levels.

You collected 87 gold pieces.

Inventory:

Hand Weapons
 a - a +0 rapier (weapon)
Missiles
 d - 4 throwing nets (quivered)
Armour
 b - a +0 leather armour (worn)
 c - a +0 helmet (worn)
Jewellery
 h - an amulet of magic regeneration
Scrolls
 e - a scroll of brand weapon {unknown}
 f - 3 scrolls of summoning {unknown}
Potions
 g - a potion of haste {unknown}


   Skills:
 + Level 2.9 Fighting
 - Level 2.6 Short Blades
 - Level 1.7 Throwing
 + Level 1.6 Armour
 + Level 3.3 Dodging


You had 2 spell levels left.
You didn't know any spells.
Your spell library was empty.

Dungeon Overview and Level Annotations

Branches:
Dungeon (3/15)

Altars:

Shops:
D:2 !


Innate Abilities, Weirdness & Mutations

You have large cloven feet.


Message History

You hit the wyvern skeleton. You kick the wyvern skeleton.
The wyvern skeleton is lightly damaged.
The wyvern skeleton bites you.
You hit the wyvern skeleton. You kick the wyvern skeleton.
The wyvern skeleton is heavily damaged.
The wyvern skeleton bites you!
You hit the wyvern skeleton.
The wyvern skeleton is heavily damaged.
The wyvern skeleton bites you. The wyvern skeleton bites you!
* * * LOW HITPOINT WARNING * * *
You are too injured to fight recklessly!
You are too injured to fight recklessly!
You are too injured to fight recklessly!
You are too injured to fight recklessly!
You are too injured to fight recklessly!
You are too injured to fight recklessly!
You are too injured to fight recklessly!
You are too injured to fight recklessly!
You are too injured to fight recklessly!
You are too injured to fight recklessly!
You are too injured to fight recklessly!
You are too injured to fight recklessly!
You are too injured to fight recklessly!
You are too injured to fight recklessly!
You are too injured to fight recklessly!
You are too injured to fight recklessly!
You are too injured to fight recklessly!
You are too injured to fight recklessly!
You are too injured to fight recklessly!
You are too injured to fight recklessly!
You hit the wyvern skeleton.
The wyvern skeleton is severely damaged.
The wyvern skeleton bites you but does no damage.
You hit the wyvern skeleton. You kick the wyvern skeleton.
The wyvern skeleton is severely damaged.
The wyvern skeleton bites you.
* * * LOW HITPOINT WARNING * * *
The wyvern skeleton bites you!
Ouch! That really hurt!
You die...

..... .## .# ## ....
#..##.#
......###......
###............
.............#
......#......#
.......<.....#
###........#.####.##.#
..............@Z.....#
######..#>##.####.####
#....##!# ..........
#.#....##.#.
#.#.#..##.#.# #
#.>.....# # . .......


You could see a wyvern skeleton.

Vanquished Creatures
  2 adders (D:2)
  A worm (D:2)
  5 endoplasms
  2 giant cockroaches
  6 goblins
  4 hobgoblins
  3 kobolds (D:2)
  6 ball pythons
  6 bats
  6 frilled lizards
  4 rats (D:2)
45 creatures vanquished.

Notes
Turn   | Place    | Note
-------+----------+-------------------------------------------
     0 | D:1      | Umoon the Demonspawn Gladiator began the quest for the Orb.
     0 | D:1      | Reached XP level 1. HP: 16/16 MP: 1/1
   694 | D:1      | Gained mutation: You have large cloven feet. [demonic
                  | ancestry]
   694 | D:1      | Reached XP level 2. HP: 20/22 MP: 2/2
  1218 | D:2      | Reached skill level 3 in Dodging
  1273 | D:2      | Reached skill level 1 in Armour
  1319 | D:2      | Reached XP level 3. HP: 28/28 MP: 3/3
  1616 | D:2      | Found Dumnaid's Distillery.
  2200 | D:3      | Mangled by a wyvern skeleton

Illustrated notes

Levels and vault maps discovered:
D:1:      lightli_iron_boxes, layout_basic
D:2:      layout_loops_corners, serial_shops, nicolae_shop_trees, minmay_vboxes
D:3:      layout_basic, uniq_terence

Skill      XL: |  1  2 |
---------------+-------+-----
Dodging        | 3 |  3.3
Armour         | 1 |  1.6
Fighting       | |  2.9
Short Blades   | |  2.6
Throwing       | |  1.7

Action                   || total
-------------------------++-------
Melee: Rapier            ||   121
       Kick              ||    22
 Stab: Sleeping          ||     2
Armor: Leather armour    ||    35
Dodge: Dodged            ||    79

Table legend: (Time is in decaauts)
 A = Elapsed time spent in this place.
 B = Non-inter-level travel time spent in this place.
 C = Inter-level travel time spent in this place.
 D = Time resting spent in this place.
 E = Time spent auto-exploring this place.
 F = Levels seen in this place.
 G = Mean time per level.
                   A        B        C        D        E       F      G
               +--------+--------+--------+--------+--------+-----+--------+
         Total |   2208 |   2126 |     82 |    199 |   1646 |   3 |  736.0 |
       Dungeon |   2208 |   2126 |     82 |    199 |   1646 |   3 |  736.0 |
               +--------+--------+--------+--------+--------+-----+--------+

Top non-repeatable levels by time:
     D:1: 1213 daAuts
     D:2: 982 daAuts
     D:3: 12 daAuts
